 Dungeon Crawl Stone Soup version 0.27-a0-1206-g6342a01c75 (webtiles) character file.

Game seed: 1351917281742504038

215 Froggeryz the Chopper (level 5, 0/49 HPs)
             Began as a Naga Chaos Knight on June 5, 2021.
             Was a Plaything of Xom.
             Slain by an adder (4 damage)
             ... on level 3 of the Dungeon.
             The game lasted 00:03:16 (3032 turns).

Froggeryz the Chopper (Naga Chaos Knight)           Turns: 3032, Time: 00:03:16

Health: 0/49       AC:  6    Str: 15    XL:     5   Next: 92%
Magic:  5/5        EV:  9    Int: 16    God:    Xom [..*...]
Gold:   35         SH:  0    Dex: 15    Spells: 4/4 levels left

rFire    + . .     SeeInvis +   a - +0 hand axe (chaos)
rCold    . . .     Faith    .   (no shield)
rNeg     . . .     Spirit   .   b - +3 leather armour
rPois    +         Reflect  .   (no helmet)
rElec    .         Harm     .   (no cloak)
rCorr    .         Rampage  .   (no gloves)
Will     ++...                  (no barding)
Stlth    +.........             n - amulet of magic regeneration
HPRegen  0.16/turn              i - ring of willpower
MPRegen  0.34/turn              (no ring)

@: studying Staves, very slow
A: AC +1, large, see invisible, deformed body, poison resistance, slowness 2,
spit poison 1, naga tail 1, agile 2, clever 2, fire resistance 1, strong-willed
1, mutation resistance 1, wild magic 1
a: Spit Poison, Renounce Religion


You were on level 3 of the Dungeon.
You worshipped Xom.
You were a toy of Xom.
You visited 1 branch of the dungeon, and saw 3 of its levels.

You collected 125 gold pieces.
You spent 90 gold pieces at shops.

Inventory:

Hand Weapons
 a - a +0 hand axe of chaos (weapon)
Missiles
 k - 19 poisoned darts (quivered)
 m - a throwing net
Armour
 b - a +3 leather armour (worn)
Jewellery
 i - a ring of willpower (left hand)
 n - an amulet of magic regeneration (around neck)
 p - a ring of wizardry
Wands
 s - a wand of iceblast (10)
Scrolls
 f - a scroll of blinking
 l - a scroll of enchant weapon {unknown}
 q - 4 scrolls of amnesia {unknown}
 r - a scroll of identify
Potions
 c - a potion of might
 d - a potion of haste {unknown}
 e - a potion of mutation {unknown}
 g - a potion of invisibility {unknown}
 h - a potion of berserk rage {unknown}
 j - 2 potions of attraction {unknown}
 o - a potion of curing {unknown}
 t - a potion of ambrosia {unknown}


   Skills:
 - Level 3.0 Fighting
 * Level 6.4 Axes
 - Level 1.5 Armour
 - Level 0.7 Dodging


You had 4 spell levels left.
You didn't know any spells.
Your spell library contained the following spells:

 Spells                   Type           Power      Damage    Failure   Level
 Animate Skeleton         Necr           0%         N/A       38%         1
 Apportation              Tloc           0%         N/A       38%         1
 Corona                   Hex            0%         N/A       38%         1
 Magic Dart               Conj           0%         1d3       38%         1
 Summon Small Mammal      Summ           0%         N/A       38%         1
 Blink                    Tloc           N/A        N/A       52%         2
 Call Imp                 Summ           0%         N/A       52%         2
 Passwall                 Tmut/Erth      0%         N/A       52%         2
 Slow                     Hex            0%         N/A       52%         2
 Call Canine Familiar     Summ           0%         N/A       75%         3
 Conjure Flame            Conj/Fire      0%         6-21      75%         3
 Mephitic Cloud           Conj/Pois/Air  0%         N/A       75%         3
 Summon Guardian Golem    Hex/Summ       0%         N/A       75%         3
 Swiftness                Air            0%         N/A       75%         3
 Passage of Golubria      Tloc           N/A        N/A       98%         4
 Summon Ice Beast         Ice/Summ       0%         N/A       98%         4
 Summon Lightning Spire   Summ/Air       0%         N/A       98%         4
 Lee's Rapid Deconstruct  Erth           0%         3d5*      100%        5
 Invisibility             Hex            0%         N/A       100%        6


Dungeon Overview and Level Annotations

Branches:
Dungeon (3/15)

Altars:
Xom

Shops:
D:3 ?


Innate Abilities, Weirdness & Mutations

Your serpentine skin is tough. (AC +1)
You have supernaturally acute eyesight. (SInv)
Armour fits poorly on your strangely shaped body.
Your system is resistant to poisons. (rPois)
You cover ground very slowly.
You can spit poison.
You have a snake-like lower body.
You are very agile. (Dex +4)
Your mind is very acute. (Int +4)
Your flesh is heat resistant. (rF+)
You are strong-willed. (Will+)
You are somewhat resistant to further mutation.
Your spells are a little harder to cast, but a little more powerful.


Message History

You feel sick. The adder bites you. The adder bites you but does no damage.
You are too injured to fight recklessly!
You are too injured to fight recklessly!
Press: ? - help, Shift-Dir - straight line, f - adder
Aim: an adder (moderately wounded, berserk, very poisoned)
The splash of poison misses the adder.
You feel sick. The adder closely misses you. The adder bites you.
You completely miss the adder.
The adder is moderately wounded.
You feel sick. The adder bites you. x2
You barely miss the adder.
The adder is moderately wounded.
You barely miss the hobgoblin.
You have got your breath back.
You feel sick. The adder barely misses you. The hobgoblin hits you.
* * * LOW HITPOINT WARNING * * *
The adder bites you but does no damage.
You hit the adder. You burn the adder.
The adder is almost dead.
Your leather armour prevents you from hitting the hobgoblin.
You feel sick. The adder bites you.
* * * LOW HITPOINT WARNING * * *
The hobgoblin hits you but does no damage.
The adder barely misses you.
Unknown command.
You barely miss the adder.
The adder is almost dead.
You hit the hobgoblin but do no damage.
Lightning courses through the hobgoblin!
You kill the hobgoblin!
You feel sick. The adder bites you but does no damage. The adder bites you.
* * * LOW HITPOINT WARNING * * *
Unknown command.
You closely miss the adder.
The adder is almost dead.
You feel sick.
You are no longer poisoned.
The adder bites you.
You die... "This toy is broken."

#.# ####### #.# #.# #.# #.#####
#### #.##...## ##...#
######.##.<...###...>.#
#..)....#.............#######
#.#####.###....8....# #.....####
##.## #.#.# #.....#########.....
#...####.#.####†@S##.....# #.####
......##.#.##.#..#######.# #.#
......##.#.##...## #.###.##
....#.##.#>##.### #.##...#
......##.#.##.## #....#.#
#.#....#.#.#...## ####...#
.......#.#......## ##..)#.####
#.#...)..#.......######..........
............[...............#####


You could see an adder (berserk, poisoned).

Vanquished Creatures
  An ogre (D:3)
  A hound (D:3)
  2 adders
  2 dart slugs
  An orc (D:3)
  5 endoplasms
  3 giant cockroaches
  17 hobgoblins
  8 jackals
  6 ball pythons
  5 bats
  A frilled lizard (D:1)
  5 goblins (D:1)
  2 kobolds (D:3)
  10 rats
69 creatures vanquished.

Vanquished Creatures (collateral kills)
  A kobold (D:3)
1 creature vanquished.

Grand Total: 70 creatures vanquished

Notes
Turn   | Place    | Note
-------+----------+-------------------------------------------
     0 | D:1      | Froggeryz the Naga Chaos Knight began the quest for the
                  | Orb.
     0 | D:1      | Reached XP level 1. HP: 21/21 MP: 1/1
    62 | D:1      | Reached XP level 2. HP: 23/28 MP: 2/2
   183 | D:1      | XOM: silly message
   192 | D:1      | XOM: divination: detect items
   236 | D:1      | XOM: potion effect (might)
   324 | D:1      | XOM: silly message
   351 | D:1      | XOM: silly message
   353 | D:1      | XOM: 1-stop teleportation journey
   373 | D:1      | Reached skill level 4 in Axes
   385 | D:1      | Reached XP level 3. HP: 26/34 MP: 3/3
   445 | D:1      | XOM: 1-stop teleportation journey
   843 | D:1      | XOM: scenery: create altars
   968 | D:1      | XOM: give mutations
   968 | D:1      | Gained mutation: You are strong-willed. (Will+) [Xom's
                  | grace]
   968 | D:1      | Gained mutation: Your spells are a little harder to cast,
                  | but a little more powerful. [Xom's grace]
   972 | D:1      | XOM: god gift: scroll labelled CULEMEE NE YFE {god gift}
  1157 | D:2      | XOM: 1-stop teleportation journey
  1159 | D:2      | XOM: god gift: 42 gold pieces
  1367 | D:2      | XOM: 2-stop teleportation journey
  1538 | D:2      | Reached XP level 4. HP: 42/42 MP: 4/4
  1645 | D:2      | XOM: 2-stop teleportation journey
  1753 | D:2      | Reached skill level 5 in Axes
  2045 | D:3      | XOM: summons friendly white imp
  2105 | D:3      | XOM: 4-stop teleportation journey
  2115 | D:3      | XOM: god gift: flail {god gift}
  2172 | D:3      | XOM: give mutations
  2172 | D:3      | Gained mutation: Your mind is acute. (Int +2) [Xom's grace]
  2172 | D:3      | Gained mutation: You are agile. (Dex +2) [Xom's grace]
  2172 | D:3      | Gained mutation: Your flesh is heat resistant. (rF+) [Xom's
                  | grace]
  2172 | D:3      | Gained mutation: Your mind is very acute. (Int +4) [Xom's
                  | grace]
  2314 | D:3      | XOM: god gift: wand of iceblast (11)
  2335 | D:3      | Noticed an ogre
  2343 | D:3      | Xom revived you
  2345 | D:3      | Killed an ogre
  2346 | D:3      | Reached skill level 6 in Axes
  2346 | D:3      | Reached XP level 5. HP: 2/49 MP: 5/5
  2555 | D:3      | XOM: give mutations
  2555 | D:3      | Gained mutation: You are very agile. (Dex +4) [Xom's grace]
  2555 | D:3      | Gained mutation: You are somewhat resistant to further
                  | mutation. [Xom's grace]
  2729 | D:3      | XOM: scenery: 1 doors open
  2927 | D:3      | Found Dytow's Magic Scroll Shoppe.
  2936 | D:3      | Bought a scroll of blinking for 90 gold pieces
  3032 | D:3      | Slain by an adder

Illustrated notes

Levels and vault maps discovered:
D:1:      lightli_arrival_boilingwater, layout_loops_ring
D:2:      layout_loops_corners, minmay_randomly_rotated_circles
D:3:      layout_loops_ring, serial_shops, shop, minivault_25,
          grunt_ministairs_12, st_stairs_2, dk_noncrumbling_4

Skill      XL: |  1  2  3  4 |
---------------+-------------+-----
Axes           | 4 6 |  6.4
Fighting       | |  3.0
Armour         | |  1.5
Dodging        | |  0.7

Action                   |  1- 3 |  4- 6 || total
-------------------------+-------+-------++-------
Melee: Hand axe          |   107 |    74 ||   181
 Abil: Spit Poison       |       |     1 ||     1
Evoke: Wand              |       |     1 ||     1
  Use: Scroll            |     3 |     1 ||     4
       Potion            |       |     1 ||     1
 Stab: Paralysed         |       |     1 ||     1
Armor: Leather armour    |    58 |    28 ||    86
Dodge: Dodged            |    49 |    43 ||    92

Table legend: (Time is in decaauts)
 A = Elapsed time spent in this place.
 B = Non-inter-level travel time spent in this place.
 C = Inter-level travel time spent in this place.
 D = Time resting spent in this place.
 E = Time spent auto-exploring this place.
 F = Levels seen in this place.
 G = Mean time per level.
                   A        B        C        D        E       F      G
               +--------+--------+--------+--------+--------+-----+--------+
         Total |   3794 |   3715 |     79 |    209 |   3064 |   3 | 1264.7 |
       Dungeon |   3794 |   3715 |     79 |    209 |   3064 |   3 | 1264.7 |
               +--------+--------+--------+--------+--------+-----+--------+

Top non-repeatable levels by time:
     D:2: 1359 daAuts
     D:1: 1248 daAuts
     D:3: 1187 daAuts
